 Dungeon Crawl Stone Soup version 0.30.1-4-g462c640d31 (webtiles) character file.

Game seed: 2896116034380772057

330 LynnLen the Sneak (level 6, 0/30 HPs)
             Began as a Spriggan Enchanter on Aug 10, 2023.
             Slain by Natasha (8 damage)
             ... on level 3 of the Dungeon on Aug 11, 2023.
             The game lasted 00:08:57 (2691 turns).

LynnLen the Sneak (Spriggan Enchanter)              Turns: 2691, Time: 00:08:58

Health: 0/30       AC:  2    Str:  6    XL:     6   Next: 26%
Magic:  13/13      EV: 18    Int: 16    God:
Gold:   115        SH:  0    Dex: 16    Spells: 5/13 levels left

rFire   . . .        e - +1 dagger (venom)
rCold   . . .        (no shield)
rNeg    . . .        b - +0 robe
rPois   .            (helmet restricted)
rElec   .            (no cloak)
rCorr   .            (gloves unavailable)
SInv    +            (boots unavailable)
Will    +....        (no amulet)
Stlth   +++          (no ring)
HPRegen 0.25/turn    (no ring)
MPRegen 0.13/turn

%: no passive effects
@: very quick
A: very small, no large weapons, unfitting armour, see invisible, speed 3
a: no special abilities


You were on level 3 of the Dungeon.
You visited 1 branch of the dungeon, and saw 3 of its levels.

You collected 115 gold pieces.

Inventory:

Hand Weapons
 e - a +1 dagger of venom (weapon)
Armour
 b - a +0 robe (worn)
Scrolls
 d - a scroll of summoning
 h - a scroll of noise {unknown}
 k - a scroll of poison {unknown}
 l - a scroll of immolation {unknown}
Potions
 a - a potion of attraction {unknown}
 c - 3 potions of invisibility
 f - 3 potions of cancellation
 g - a potion of heal wounds {unknown}
 i - a potion of magic {unknown}
 j - a potion of flight {unknown}
 m - 2 potions of might {unknown}
 n - 2 potions of ambrosia {unknown}
 o - a potion of berserk rage {unknown}


   Skills:
 + Level 1.3 Fighting
 + Level 2.3 Short Blades
 + Level 3.9 Dodging
 + Level 5.4 Stealth
 * Level 4.3 Spellcasting
 * Level 5.0 Hexes
 * Level 1.8 Ice Magic


You had 5 spell levels left.
You knew the following spells:

 Your Spells              Type           Power      Damage    Failure   Level
a - Ensorcelled Hibernat  Hex/Ice        28%        N/A       6%          2
b - Confusing Touch       Hex            19%        N/A       6%          3
c - Tukima's Dance        Hex            19%        N/A       6%          3

Your spell library contained the following spells:

 Spells                   Type           Power      Damage    Failure   Level
 Apportation              Tloc           6%         N/A       17%         1
 Magic Dart               Conj           12%        1d3       17%         1
 Sting                    Tmut/Pois      12%        1d3       17%         1
 Dazzling Flash           Conj/Hex       22%        N/A       17%         3
 Portal Projectile        Hex/Tloc       22%        N/A       17%         3
 Call Imp                 Summ           6%         N/A       26%         2
 Poisonous Vapours        Pois/Air       6%         N/A       26%         2
 Call Canine Familiar     Summ           3%         N/A       45%         3
 Mephitic Cloud           Conj/Pois/Air  3%         N/A       45%         3
 Leda's Liquefaction      Hex/Erth       5%         N/A       50%         4
 Olgreb's Toxic Radiance  Pois           3%         N/A       86%         4
 Alistair's Intoxication  Tmut/Pois      2%         N/A       99%         5


Dungeon Overview and Level Annotations

Branches:
Dungeon (3/15)

Altars:
Uskayaw

Annotations:
D:3 Jessica, Natasha


Innate Abilities, Weirdness & Mutations

You are very small and have problems with some larger weapons.
You are too small for most types of armour.
You have supernaturally acute eyesight. (SInv)
You cover ground extremely quickly. (Speed+++)


Message History

Things that are here:
a +0 robe; the human corpse of Sigmund HP restored.
Magic restored.
A rat is nearby!
You see here a potion of invisibility.
c - 3 potions of invisibility (gained 1) Natasha, Servant of Life and Death comes into view.
The rat bites you.
Natasha hisses angrily.
The ball python hisses angrily.
You hit the rat but do no damage.
The rat is poisoned.
You kill the rat!
Natasha mumbles some strange words.
Natasha mewls in sadness.
Natasha mumbles some strange words.
Natasha glows brightly for a moment.
You closely miss the ball python. The ball python closely misses you.
The ball python grabs you. The ball python constricts you.
Natasha howls an incantation.
Natasha shimmers violently.
The cerulean imp misses you.
You hit the ball python.
The ball python is poisoned.
The ball python is severely wounded.
The ball python barely misses you. The ball python constricts you.
The cerulean imp misses you. The ball python misses you.
The ball python constricts you.
You hit the ball python.
You kill the ball python!
The cerulean imp hits you from afar with a +1 spear.
The cerulean imp disappears in a puff of smoke!
Natasha casts a spell at you. The magic dart hits you.
You closely miss Natasha. Natasha claws you!
You completely miss Natasha. Natasha completely misses you.
You closely miss Natasha. Natasha claws you.
* * * LOW HITPOINT WARNING * * *
You hit Natasha.
Natasha is poisoned.
Natasha is lightly wounded.
Natasha claws you!
You die...

######'....)# #.#...#..
#.)...รท.....## #.#.#.#.# .
#.###........# #.#.#.#.#
..#####.# #........# #...#.#.#
.........# #.^......#########.#.#
.........# #.#'####.##........#.#
...>.>..<###.#........#########.#
..............#####.#.# #######.#
................@h..#.# #....##.#
..............#######.# #.##.##.#
..............# #.###.##.#...
..............# #......#.####
..............# ########.##)[
..............# #.##.#
..............# #.##.#
$.............# #.##.#
..............# #.##.#


You could see Natasha (very poisoned).

Vanquished Creatures
  Sigmund (D:3)
  An orc priest (D:3)
  Natasha (D:3)
  4 gnolls (D:2)
  An adder (D:2)
  9 ball pythons
  4 endoplasms
  3 giant cockroaches
  8 goblins
  4 hobgoblins
  4 jackals
  3 kobolds
  3 quokkas
  2 bats
  6 frilled lizards
  4 rats
58 creatures vanquished.

Notes
Turn   | Place    | Note
-------+----------+-------------------------------------------
     0 | D:1      | LynnLen the Spriggan Enchanter began the quest for the Orb.
     0 | D:1      | Reached XP level 1. HP: 9/9 MP: 5/5
     0 | D:1      | Upgraded the game from 0.30.1-3-gfc49f6343a to
                  | 0.30.1-4-g462c640d31
   164 | D:1      | Reached XP level 2. HP: 13/13 MP: 6/6
   175 | D:1      | Learned a level 2 spell: Ensorcelled Hibernation
  1047 | D:2      | Reached XP level 3. HP: 17/17 MP: 8/8
  1224 | D:2      | Found a hide-covered altar of Uskayaw.
  1454 | D:2      | Learned a level 3 spell: Confusing Touch
  1458 | D:2      | Learned a level 3 spell: Tukima's Dance
  1646 | D:2      | Reached XP level 4. HP: 21/21 MP: 10/10
  2067 | D:2      | Reached skill level 1 in Ice Magic
  2239 | D:3      | Noticed Jessica
  2294 | D:3      | Reached skill level 1 in Fighting
  2294 | D:3      | Reached skill level 5 in Stealth
  2302 | D:3      | Noticed Natasha
  2307 | D:3      | Killed Natasha
  2308 | D:3      | Reached XP level 5. HP: 25/25 MP: 5/11
  2482 | D:3      | Noticed Sigmund
  2542 | D:3      | Killed Sigmund
  2543 | D:3      | Reached skill level 5 in Hexes
  2543 | D:3      | Reached XP level 6. HP: 29/30 MP: 8/13
  2651 | D:3      | Noticed Natasha
  2691 | D:3      | Slain by Natasha

Illustrated notes

Levels and vault maps discovered:
D:1:      sevenhm_arrival_forest_fort_small_4, layout_basic
D:2:      kennysheep_the_goblin_king, layout_loops_ring, basic_altar,
          st_stairs_5
D:3:      layout_basic, nicolae_yredelemnul_corpse_copse,
          mainiacjoe_overflow_swirl, uniq_natasha, uniq_jessica, uniq_sigmund

Skill      XL: |  1  2  3  4  5 |
---------------+----------------+-----
Spellcasting   | 3 4 |  4.3
Hexes          | 4 5 |  5.0
Dodging        | 3 |  3.9
Ice Magic      | 1 |  1.8
Fighting       | 1 |  1.3
Stealth        | 5 |  5.4
Short Blades   | 2 |  2.3

Action                     |  1- 3 |  4- 6 || total
---------------------------+-------+-------++-------
  Melee: Dagger            |   126 |    44 ||   170
         Punch             |       |     2 ||     2
   Cast: Ensorcelled Hiber |    12 |     2 ||    14
         Tukima's Dance    |       |     8 ||     8
    Use: Scroll            |     2 |       ||     2
   Stab: Sleeping          |    13 |     4 ||    17
         Distracted        |       |     1 ||     1
 Armour: Robe              |     5 |     3 ||     8
  Dodge: Dodged            |    94 |    27 ||   121
